 Dungeon Crawl Stone Soup version 0.24.0-123-gd5b16e6ec5 (webtiles) character file.

Game seed: 14850491231765847061, levelgen mode: deterministic

82 Enkuryo the Skirmisher (level 4, -2/61 HPs)
             Began as a Minotaur Berserker on Jan 13, 2020.
             Was a Believer of Trog.
             Slain by an orc
             ... wielding a +0 flail
              (3 damage)
             ... on level 2 of the Dungeon.
             The game lasted 00:10:45 (1025 turns).

Enkuryo the Skirmisher (Minotaur Berserker)         Turns: 1025, Time: 00:10:45

Health: -2/61      AC:  5    Str: 27    XL:     4   Next: 21%
Magic:  3/3        EV: 12    Int:  4    God:    Trog [**....]
Gold:   55         SH:  0    Dex: 10    Spells: 3/3 levels left

rFire    . . .     SeeInvis .   a - +0 falchion
rCold    . . .     Gourm    .   (no shield)
rNeg     . . .     Faith    .   e - +0 ring mail
rPois    .         Spirit   .   (helmet restricted)
rElec    .         Reflect  .   (no cloak)
rCorr    .         Harm     .   (no gloves)
MR       .....                  (no boots)
Stlth    ..........             (no amulet)
HPRegen  0.20/turn              (no ring)
MPRegen  0.08/turn              (no ring)

@: berserking, very quick
A: retaliatory headbutt, horns 2
a: Berserk, Trog's Hand, Renounce Religion


You were on level 2 of the Dungeon.
You worshipped Trog.
Trog was pleased with you.
You were not hungry.

You visited 1 branch of the dungeon, and saw 2 of its levels.

You collected 55 gold pieces.

Inventory:

Hand Weapons
 a - a +0 falchion (weapon)
Armour
 e - a +0 ring mail (worn)
Jewellery
 f - an uncursed amulet of guardian spirit {unknown}
Scrolls
 d - a scroll of remove curse
 g - 2 scrolls of identify
Potions
 b - 2 potions of curing
Comestibles
 c - 7 chunks of flesh


   Skills:
 + Level 4.9 Fighting
 + Level 4.5 Long Blades
 + Level 3.0 Armour
 + Level 2.6 Dodging


You had 3 spell levels left.
You didn't know any spells.
Your spell library was empty.

Dungeon Overview and Level Annotations

Branches:
Dungeon (2/15)

Altars:


Innate Abilities, Weirdness & Mutations

You reflexively headbutt those who attack you in melee.
You have a pair of horns on your head.


Message History

Trog accepts your kill. The orc barely misses you.
The orc priest mumbles some strange prayers to Beogh against you.
Beogh smites you!
You completely miss the orc priest.
The orc priest is moderately wounded.
The orc hits you from afar with a +0 trident.
The orc hits you with a +0 flail!
* * * LOW HITPOINT WARNING * * *
You slash the orc priest!
You kill the orc priest!
Trog accepts your kill.
Your Armour skill increases to level 3!
You have reached level 4!
You feel agile.
The orc hits you from afar with a +0 trident!
* * * LOW HITPOINT WARNING * * *
You barely miss the orc. Your headbutt misses the orc.
The orc hits you with a +0 flail.
You die...

### ..# #.# #.# #.#
#.######## ##########
#........######.)oo.....
..####.#.(....<.@)......
### #.#########♣♣♣♣♣♣.♣
#.# #.# #.# #.# #.#


You could see 2 orcs.

Vanquished Creatures
  An orc priest (D:2)
  2 adders (D:2)
  A worm (D:2)
  An orc (D:2)
  A giant cockroach (D:1)
  6 goblins
  3 hobgoblins
  6 kobolds
  2 ball pythons
  3 bats (D:1)
  4 frilled lizards
  4 rats
34 creatures vanquished.

Notes
Turn   | Place    | Note
-------+----------+-------------------------------------------
     0 | D:1      | Enkuryo the Minotaur Berserker began the quest for the Orb.
     0 | D:1      | Reached XP level 1. HP: 19/19 MP: 0/0
   117 | D:1      | Reached XP level 2. HP: 27/27 MP: 1/1
   648 | D:1      | Reached ** piety under Trog
   846 | D:2      | Reached XP level 3. HP: 32/34 MP: 2/2
  1024 | D:2      | Reached XP level 4. HP: 8/41 MP: 3/3
  1024 | D:2      | HP: 1/61 [orc/+0 trident (7)]
  1025 | D:2      | Slain by an orc

Levels and vault maps discovered:
D:1:      evilmike_arrival_crescent, layout_basic, minmay_pentomino_u2
D:2:      layout_loops_ring, chequers_ecumenical_altar_grove, uniq_sigmund

Skill      XL: |  1  2  3 |
---------------+----------+-----
Long Blades    | 4 |  4.5
Fighting       | 4 |  4.9
Armour         | 3 |  3.0
Dodging        | |  2.6

Action                   |  1- 3 |  4- 6 || total
-------------------------+-------+-------++-------
Melee: Falchion          |    56 |     1 ||    57
       Headbutt          |     8 |       ||     8
Invok: Berserk           |     2 |       ||     2
  Use: Scroll            |     5 |       ||     5
       Potion            |     1 |       ||     1
  Eat: Ration            |     1 |       ||     1
Armor: Leather armour    |     4 |       ||     4
       Ring mail         |    20 |       ||    20
Dodge: Dodged            |    48 |       ||    48
       Rpst.: Falchion   |     9 |       ||     9
